 Dungeon Crawl Stone Soup version 0.31-a0-161-gb58dd9be76 (webtiles) character file.

Game seed: 12284924605401151461

10284 mopl the Tainter (level 11, 0/87 HPs)
             Began as a Formicid Venom Mage on June 12, 2023.
             Was an Elder of Cheibriados.
             Slain by an orc knight
             ... wielding a +0 battleaxe
              (21 damage)
             ... on level 1 of the Orcish Mines.
             The game lasted 00:16:14 (7978 turns).

mopl the Tainter (Formicid Venom Mage)              Turns: 7978, Time: 00:16:15

Health: 0/87       AC: 13    Str: 25    XL:     11   Next: 90%
Magic:  12/16      EV: 12    Int: 28    God:    Cheibriados [****..]
Gold:   703        SH: 13    Dex: 27    Spells: 11/16 levels left

rFire   . . .        e - +0 quarterstaff
rCold   + . .        M - +0 kite shield
rNeg    + . .        T - +4 ring mail of Sunlight {rC+}
rPois   .            (helmet unavailable)
rElec   .            x - +2 cloak of Distant Shores {Str+3 Dex+4}
rCorr   .            (no gloves)
SInv    +            Y - +0 pair of boots
Will    +....        j - amulet of regeneration
Stlth   ++           l - ring of positive energy
HPRegen 1.14/turn    s - +4 ring of slaying
MPRegen 0.15/turn

%: no passive effects
@: very slightly contaminated, very slow
A: permanent stasis, dig shafts and tunnels, antennae 3, four strong arms
a: Dig, Shaft Self, Renounce Religion, Bend Time, Temporal Distortion, Slouch


You were on level 1 of the Orcish Mines.
You worshipped Cheibriados.
Cheibriados was greatly pleased with you.
You visited 2 branches of the dungeon, and saw 12 of its levels.
You also visited: Ossuary.

You collected 703 gold pieces.

Inventory:

Hand Weapons
 e - a +0 quarterstaff (weapon)
Missiles
 J - 10 boomerangs
 K - 6 javelins
 L - 9 poisoned darts
Armour
 h - a +0 ring mail
 m - a +1 robe of willpower
 x - the +2 cloak of Distant Shores (worn) {Str+3 Dex+4}
   (You found it on level 3 of the Dungeon)

   Str:       It affects your strength (+3).
   Dex:       It affects your dexterity (+4).
 y - a +1 chain mail of poison resistance
 M - a +0 kite shield (worn)
 P - a +1 robe of fire resistance
 Q - a +2 robe of positive energy
 R - a +2 scale mail of fire resistance
 T - the +4 ring mail of Sunlight (worn) {rC+}
   (You found it on level 7 of the Dungeon)

   rC:        It protects you from cold.
 Y - a +0 pair of boots (worn)
Magical Staves
 i - a staff of conjuration
 I - a staff of death
Jewellery
 j - an amulet of regeneration (around neck)
 l - a ring of positive energy (left hand)
 n - a ring of protection from fire
 p - a +6 ring of dexterity
 s - a +4 ring of slaying (right hand)
 O - a +6 ring of intelligence
Wands
 S - a wand of digging (5)
 U - a wand of mindburst (23)
 X - a wand of acid (3)
 Z - a wand of flame (7)
Scrolls
 d - 9 scrolls of identify {unknown}
 t - 5 scrolls of fear {unknown}
 u - 3 scrolls of enchant weapon {unknown}
 z - a scroll of torment {unknown}
 D - a scroll of silence {unknown}
 E - 7 scrolls of teleportation {unknown}
 F - a scroll of revelation {unknown}
 G - 4 scrolls of noise {unknown}
 H - 3 scrolls of butterflies {unknown}
 N - a scroll of enchant armour {unknown}
 V - a scroll of immolation {unknown}
 W - a scroll of amnesia {unknown}
Potions
 a - 2 potions of lignification {unknown}
 b - a potion of magic
 c - a potion of degeneration {unknown}
 f - 3 potions of attraction {unknown}
 g - 4 potions of curing
 k - 2 potions of invisibility {unknown}
 o - 5 potions of heal wounds
 q - 2 potions of resistance {unknown}
 r - 2 potions of cancellation {unknown}
 v - a potion of might {unknown}
 w - 5 potions of haste {unknown}
 A - a potion of experience {unknown}
 B - 2 potions of mutation {unknown}
 C - 3 potions of enlightenment {unknown}


   Skills:
 + Level 8.9 Fighting
 + Level 8.0 Staves
 + Level 2.0 Throwing
 + Level 2.3 Armour
 + Level 2.7 Dodging
 - Level 2.4 Stealth
 + Level 8.5 Shields
 - Level 3.0 Spellcasting
 - Level 1.1 Transmutations
 + Level 12.5 Poison Magic
 + Level 7.0 Invocations
 + Level 2.3 Evocations


You had 11 spell levels left.
You knew the following spells:

 Your Spells              Type           Power      Damage    Failure   Level
a - Sting                 Tmut/Pois      100%       1d8       1%          1
o - Olgreb's Toxic Radia  Pois           65%        N/A       1%          4

Your spell library contained the following spells:

 Spells                   Type           Power      Damage    Failure   Level
 Poisonous Vapours        Pois/Air       78%        N/A       2%          2
 Mephitic Cloud           Conj/Pois/Air  27%        N/A       12%         3
 Kiss of Death            Conj/Necr      16%        2d6       22%         1
 Summon Small Mammal      Summ           16%        N/A       22%         1
 Lesser Beckoning         Tloc           8%         N/A       32%         2
 Momentum Strike          Conj/Tloc      8%         3d8       32%         2
 Static Discharge         Conj/Air       8%         2-3/arc   32%         2
 Call Canine Familiar     Summ           4%         N/A       54%         3
 Confusing Touch          Hex            4%         N/A       54%         3
 Summon Guardian Golem    Hex/Summ       4%         N/A       54%         3
 Airstrike                Air            2%         2d(1-17)  91%         4
 Dispel Undead            Necr           4%         3d7       91%         4
 Summon Lightning Spire   Summ/Air       4%         N/A       91%         4
 Storm Form               Tmut/Air       3%         N/A       100%        7
 Maxwell's Capacitive Co  Air            2%         ∞         100%        8
 Blink                    Tloc           Unusable   N/A       N/A         2

Dungeon Overview and Level Annotations

Branches:
Dungeon (10/15)            Temple (0/1) D:6            Lair (0/5) D:9
    Orc (2/2) D:10        Ossuary (visited)
    Elf: Orc:2

Altars:
Ashenzari
Cheibriados
Gozag
Hepliaklqana
Makhleb
Nemelex Xobeh
Okawaru
Sif Muna
Trog
Vehumet
Wu Jian
The Shining One


Innate Abilities, Weirdness & Mutations

You cannot be hasted, slowed, berserked, paralysed or teleported.
You can dig through walls and to a lower floor.
You have a pair of large antennae on your head. (SInv)
Your four strong arms can wield two-handed weapons with a shield.


Message History

The orc hits you but does no damage. You block the orc warrior's attack.
The orc completely misses you.
The orc knight hits you with a +0 battleaxe!
The orc hits you but does no damage.
There is a stone staircase leading up, spattered with blood here.
Unknown command.
Unknown command.
The two-headed ogre shouts in stereo!
You hear a shout!
You hear two shouts!
You hear a shout!
You hear two shouts!
You block the orc warrior's attack. The deep troll bites you.
You block the deep troll's attack. The deep troll closely misses you.
The orc misses you.
The orc warrior hits you with a +0 scimitar!
The orc hits you but does no damage.
The orc knight hits you but does no damage.
You climb upwards.
There is a stone staircase leading down, spattered with blood here.
Unknown command.
Unknown command.
Unknown command.
You miscast Olgreb's Toxic Radiance.
You are very lightly contaminated with residual magic.
Nothing appears to happen.
You block the orc warrior's attack. You block the orc's attack.
The orc hits you but does no damage. The orc completely misses you.
The orc knight hits you with a +0 battleaxe!
The deep troll bites you but does no damage.
The deep troll claws you. The deep troll misses you.
The orc warrior hits you with a +0 scimitar!
Unknown command.
Okay, then.
The orc attacks as you move away! The orc hits you but does no damage.
The orc knight hits you with a +0 battleaxe.
Are you sure you want to shaft yourself?
The deep troll bites you!!
* * * LOW HITPOINT WARNING * * *
The deep troll closely misses you. You block the deep troll's attack.
The orc warrior hits you but does no damage.
The orc knight hits you with a +0 battleaxe!!
You die...

##.#..##...###.####...##
##......#....#...##.....#
##.#.....................#
#...............#.#...#.##
##.#.............#......##
##................#......#
##......)...#............##
###.....#..[..[.........#...#
##.#)......[..oo@..........##
...).#.#[..#..)ooT..........#
##.<))).[.#...)oo#.........##
###........).....#..........#
###.#..)#.....#..........##
###....##.####..#[.#...#
##....### ####...#.## ###.##
####....### ### ##.#......##


You could see an orc knight, a deep troll, 2 orc warriors and 3 orcs.

Vanquished Creatures
  Gastronok (Orc:1)
  An orc warlord (Orc:1)
  3 two-headed ogres (D:9)
  Pikel (D:7)
  Maurice (Orc:1)
  A troll (D:10)
  A hornet (D:9)
  Sigmund (D:6)
  A shadow (D:9)
  A steam dragon (D:10)
  Duvessa (D:5)
  A warg (Orc:1)
  2 water moccasins
  A sky beast (D:8)
  8 orc warriors
  2 black bears
  2 ogres
  3 ice beasts
  3 phantoms
  A gnoll sergeant (D:9)
  3 bullfrogs
  7 scorpions
  9 wights
  Dowan (D:5)
  A killer bee (D:8)
  8 howler monkeys
  A jelly (D:5)
  5 hounds
  4 gnoll boudas
  2 human zombies (Ossuary)
  7 orc priests
  Terence (D:2)
  13 orc wizards
  3 mummies
  18 gnolls
  5 adders
  2 shadow imps
  A white imp (D:6)
  2 ufetubi
  An adder zombie (Ossuary)
  3 worms
  3 dart slugs
  27 orcs
  11 endoplasms
  8 giant cockroaches
  6 goblins
  12 hobgoblins
  3 jackals (D:1)
  3 quokkas
  11 ball pythons
  4 bats
  4 frilled lizards
  4 goblin zombies
  6 hobgoblin zombies (Ossuary)
  A jackal zombie (Ossuary)
  7 kobolds
  11 kobold zombies (Ossuary)
  13 orc zombies
  5 rats
  A rat zombie (Ossuary)
  3 butterflies (D:8)
276 creatures vanquished.

Notes
Turn   | Place    | Note
-------+----------+-------------------------------------------
     0 | D:1      | mopl the Formicid Venom Mage began the quest for the Orb.
     0 | D:1      | Reached XP level 1. HP: 13/13 MP: 3/3
   211 | D:1      | Reached XP level 2. HP: 12/19 MP: 1/5
   401 | D:1      | Reached XP level 3. HP: 24/24 MP: 4/7
   787 | D:2      | Reached skill level 3 in Spellcasting
   830 | D:2      | Noticed Terence
   858 | D:2      | Killed Terence
   859 | D:2      | Reached skill level 5 in Poison Magic
   859 | D:2      | Reached XP level 4. HP: 11/30 MP: 1/8
  1108 | D:2      | Reached skill level 6 in Poison Magic
  1743 | D:3      | Found an iron altar of Okawaru.
  1776 | D:3      | Reached XP level 5. HP: 35/35 MP: 7/9
  1827 | D:3      | Found a radiant altar of Vehumet.
  1931 | D:3      | Found a glowing golden altar of the Shining One.
  1973 | D:3      | Found a burning altar of Makhleb.
  1980 | D:3      | Found a broken altar of Ashenzari.
  1992 | D:3      | Identified the +2 cloak of Distant Shores {Str+3 Dex+4}
  2289 | D:3      | Learned a level 4 spell: Olgreb's Toxic Radiance
  2635 | D:4      | Found a sand-covered staircase.
  2652 | Ossuary  | Entered an ossuary
  2713 | Ossuary  | Reached skill level 7 in Poison Magic
  2768 | Ossuary  | Reached skill level 1 in Fighting
  2768 | Ossuary  | Reached skill level 1 in Staves
  2787 | Ossuary  | Reached XP level 6. HP: 43/43 MP: 10/10
  2869 | Ossuary  | Reached skill level 2 in Fighting
  2981 | D:4      | Reached skill level 2 in Staves
  3233 | D:4      | Found an ornate altar of the Wu Jian Council.
  3307 | D:5      | Entered Level 5 of the Dungeon
  3307 | D:5      | Noticed Duvessa
  3307 | D:5      | Noticed Dowan
  3307 | D:5      | Noticed a water moccasin
  3366 | D:5      | Reached XP level 7. HP: 43/51 MP: 5/11
  3389 | D:5      | Reached skill level 3 in Fighting
  3425 | D:5      | Reached skill level 8 in Poison Magic
  3473 | D:5      | Reached skill level 3 in Staves
  3516 | D:5      | Killed Dowan
  3525 | D:5      | Killed Duvessa
  3528 | D:5      | Reached skill level 4 in Fighting
  3528 | D:5      | Reached XP level 8. HP: 58/60 MP: 1/12
  3653 | D:6      | Reached skill level 4 in Staves
  3658 | D:6      | Reached skill level 9 in Poison Magic
  3688 | D:6      | Noticed Sigmund
  3706 | D:6      | Killed Sigmund
  3707 | D:6      | Reached skill level 5 in Fighting
  3814 | D:5      | Reached skill level 1 in Shields
  3871 | D:5      | Reached skill level 2 in Shields
  3899 | D:5      | Reached skill level 5 in Staves
  3899 | D:5      | Reached XP level 9. HP: 65/69 MP: 8/13
  3925 | D:5      | Reached skill level 3 in Shields
  3925 | D:5      | Found a snail-covered altar of Cheibriados.
  3992 | D:5      | Became a worshipper of Cheibriados the Contemplative
  4212 | D:6      | Reached skill level 6 in Fighting
  4212 | D:6      | Reached skill level 10 in Poison Magic
  4212 | D:6      | Reached skill level 1 in Invocations
  4268 | D:6      | Reached skill level 2 in Invocations
  4269 | D:6      | Reached skill level 4 in Shields
  4270 | D:6      | Reached * piety under Cheibriados
  4519 | D:6      | Found a staircase to the Ecumenical Temple.
  5167 | D:7      | Reached skill level 3 in Invocations
  5176 | D:7      | Identified the +4 ring mail of Sunlight {rC+}
  5196 | D:7      | Noticed Pikel
  5206 | D:7      | Killed Pikel
  5207 | D:7      | Reached skill level 6 in Staves
  5207 | D:7      | Reached skill level 5 in Shields
  5207 | D:7      | Reached XP level 10. HP: 70/77 MP: 6/14
  5310 | D:7      | Reached skill level 7 in Fighting
  5363 | D:7      | Found a bloodstained altar of Trog.
  5519 | D:7      | Found a hazy altar of Hepliaklqana.
  5587 | D:7      | Reached skill level 4 in Invocations
  5719 | D:8      | Found a sparkling altar of Nemelex Xobeh.
  5833 | D:8      | Reached skill level 11 in Poison Magic
  5849 | D:8      | Reached ** piety under Cheibriados
  5894 | D:8      | Found a runed translucent door.
  5896 | D:8      | Found a runed translucent door.
  5901 | D:8      | Reached skill level 6 in Shields
  6212 | D:9      | Reached skill level 5 in Invocations
  6238 | D:9      | Noticed a two-headed ogre
  6244 | D:9      | Reached *** piety under Cheibriados
  6250 | D:9      | Killed a two-headed ogre
  6251 | D:9      | Reached skill level 7 in Staves
  6252 | D:9      | Noticed a two-headed ogre
  6255 | D:9      | Reached skill level 7 in Shields
  6268 | D:9      | Killed a two-headed ogre
  6269 | D:9      | Reached skill level 8 in Fighting
  6269 | D:9      | Reached XP level 11. HP: 28/86 MP: 1/15
  6338 | D:9      | Found a staircase to the Lair.
  6392 | D:9      | Reached skill level 6 in Invocations
  6459 | D:9      | Noticed a two-headed ogre
  6471 | D:9      | Killed a two-headed ogre
  6472 | D:9      | Reached skill level 12 in Poison Magic
  7050 | D:10     | Entered Level 10 of the Dungeon
  7277 | D:10     | Reached skill level 2 in Dodging
  7277 | D:10     | Reached skill level 8 in Shields
  7286 | D:10     | Found an opulent altar of Gozag.
  7336 | D:10     | Found a staircase to the Orcish Mines.
  7575 | D:10     | Found a shimmering blue altar of Sif Muna.
  7603 | Orc:1    | Entered Level 1 of the Orcish Mines
  7605 | Orc:1    | Noticed Maurice
  7619 | Orc:1    | Killed Maurice
  7620 | Orc:1    | Reached skill level 1 in Throwing
  7620 | Orc:1    | Reached skill level 1 in Armour
  7620 | Orc:1    | Reached skill level 1 in Evocations
  7651 | Orc:1    | Reached **** piety under Cheibriados
  7738 | Orc:1    | Noticed Gastronok
  7757 | Orc:1    | Killed Gastronok
  7870 | Orc:2    | Entered Level 2 of the Orcish Mines
  7870 | Orc:2    | Noticed an orc sorcerer
  7870 | Orc:2    | Noticed an orc warlord
  7894 | Orc:1    | Killed an orc warlord
  7895 | Orc:1    | Reached skill level 8 in Staves
  7895 | Orc:1    | Reached skill level 2 in Armour
  7895 | Orc:1    | Reached skill level 7 in Invocations
  7895 | Orc:1    | Reached skill level 2 in Evocations
  7902 | Orc:1    | Reached skill level 2 in Throwing
  7933 | Orc:2    | Noticed a deep troll
  7933 | Orc:2    | Noticed an orc knight
  7973 | Orc:2    | Noticed a two-headed ogre
  7978 | Orc:1    | Slain by an orc knight

Illustrated notes

Levels and vault maps discovered:
D:1:      eino_arrival_cavern_b, layout_basic
D:2:      layout_basic, uniq_terence
D:3:      layout_loops_ring, okawaru_metal_pillars_3, lemuel_crystal_altar,
          mainiacjoe_overflow_surrounded_room, ashenzari_conservatory_becter,
          nicolae_vehumet_radiance
D:4:      layout_gridville, kennysheep_mini, nicolae_ossuary_entry_giza,
          nicolae_the_louvre
D:5:      layout_rooms, mainiacjoe_overflow_small_starburst, sigmund_army,
          uniq_duvessa
D:6:      layout_layer_cave, minmay_temple_entry_nine_rooms, grunt_ministairs_6,
          chequers_serial_rivers_micro_e, nicolae_grassy_gnolls, uniq_sigmund
D:7:      layout_basic, mainiacjoe_overflow_chevrons,
          lemuel_coloured_pillars_altar, nicolae_elevator_lobby_asterisk,
          uniq_pikel
D:8:      lemuel_insect_pit, layout_cave_pools, general_overflow_altar
D:9:      layout_basic, lair_entry_dummy
D:10:     layout_rooms, grunt_gozag_breadcrumbs, lemuel_tele_altar, orc_0_dummy,
          roderic_serpentine_path
Orc:1:    layout_caves, uniq_gastronok, uniq_jorgrun, uniq_nergalle,
          uniq_maurice
Orc:2:    st_orc_open, layout_caves

Skill      XL: |  1  2  3  4  5  6  7  8  9 10 11 |
---------------+----------------------------------+-----
Spellcasting   | 3 |  3.0
Poison Magic   | 5 6 7 8 9 10 11 12 | 12.5
Fighting       | 1 2 4 5 6 8 |  8.9
Staves         | 1 2 3 5 6 7 8 |  8.0
Shields        | 2 5 7 8 |  8.5
Invocations    | 3 5 7 |  7.0
Dodging        | 2 |  2.7
Throwing       | 2 |  2.0
Armour         | 2 |  2.3
Evocations     | 2 |  2.3
Stealth        | |  2.4
Transmutations | |  1.1

Action                     |  1- 3 |  4- 6 |  7- 9 | 10-12 || total
---------------------------+-------+-------+-------+-------++-------
  Melee: Quarterstaff      |    36 |   191 |   143 |   217 ||   587
         Punch             |       |     5 |       |       ||     5
   Cast: Sting             |    33 |    51 |     8 |       ||    92
         Olgreb's Toxic Ra |       |     1 |    23 |    28 ||    52
Ability: Shaft Self        |       |       |       |     1 ||     1
  Evoke: Wand              |       |       |     5 |     4 ||     9
   Stab: Sleeping          |       |     6 |     2 |       ||     8
         Distracted        |       |     1 |       |       ||     1
         Paralysed         |       |       |     3 |    14 ||    17
 Armour: Robe              |    10 |    54 |    40 |       ||   104
         Ring mail         |       |       |     2 |    58 ||    60
  Dodge: Dodged            |    31 |   104 |    75 |    74 ||   284
  Block: Kite shield       |       |       |    37 |   134 ||   171

Table legend: (Time is in decaauts)
 A = Elapsed time spent in this place.
 B = Non-inter-level travel time spent in this place.
 C = Inter-level travel time spent in this place.
 D = Time resting spent in this place.
 E = Time spent auto-exploring this place.
 F = Levels seen in this place.
 G = Mean time per level.
                   A        B        C        D        E       F      G
               +--------+--------+--------+--------+--------+-----+--------+
         Total |   9710 |   9353 |    357 |    318 |   6649 |  13 |  746.9 |
       Dungeon |   8935 |   8598 |    337 |    253 |   6389 |  10 |  893.5 |
  Orcish Mines |    503 |    484 |     19 |     65 |    188 |   2 |  251.5 |
       Ossuary |    271 |    271 |      0 |      0 |     72 |   1 |  271.0 |
               +--------+--------+--------+--------+--------+-----+--------+

Top non-repeatable levels by time:
     D:9: 1295 daAuts
     D:6: 1202 daAuts
     D:7: 1145 daAuts
     D:2: 963 daAuts
    D:10: 849 daAuts
     D:1: 795 daAuts
     D:4: 700 daAuts
     D:8: 700 daAuts
     D:3: 670 daAuts
     D:5: 611 daAuts
   Orc:1: 496 daAuts
 Ossuary: 271 daAuts
   Orc:2: 6 daAuts
